 Dungeon Crawl Stone Soup version 0.17.0-24-gcfadda4 (webtiles) character file.

11860 JerBear56 the Covert (level 11, -2/77 HPs)
             Began as an Octopode Assassin on Nov 17, 2015.
             Was a Priest of Dithmenos.
             Slain by an orc
             ... wielding a +0 morningstar
              (11 damage)
             ... while paralysed by an orc sorcerer
             ... on level 2 of the Orcish Mines on Nov 18, 2015.
             The game lasted 01:56:53 (14483 turns).

JerBear56 the Covert (Octopode Assassin)           Turns: 14483, Time: 01:56:54

Health: -2/77      AC:  1    Str: 11    XL:     11   Next: 84%
Magic:  14/14      EV:  2    Int: 14    God:    Dithmenos [***...]
Gold:   722        SH:  0    Dex: 16    Spells: 1 memorised, 9 levels left

rFire  . . .     SeeInvis .     b - +0 blowgun
rCold  + . .     Clarity  .     z - +0 shield
rNeg   . . .     SustAt   +     (helmet restricted)
rPois  .         Gourm    .     E - amulet of resist mutation (curse)
rElec  .         Spirit   .     q - ring of sustain attributes
rCorr  .         Warding  .     u - ring of protection from cold
rMut   +         Stasis   .     t - ring of wizardry
MR     .....                    (no ring)
Stlth  +++++++++.               (no ring)
                                (no ring)
                                (no ring)
                                (no ring)

@: paralysed, wreathed by umbra, not resistant to hostile enchantments,
incredibly stealthy
A: almost no armour, amphibious, 8 rings, constrict 8, camouflage 1, gelatinous
body 1
a: Shadow Step, Renounce Religion


You were on level 2 of the Orcish Mines.
You worshipped Dithmenos.
Dithmenos was most pleased with you.
You were full.

You visited 3 branches of the dungeon, and saw 15 of its levels.

You collected 722 gold pieces.

Inventory:

Hand Weapons
 a - a +5 dagger of venom
 b - a +0 blowgun (weapon)
 g - a +2 dagger of speed
 i - a +0 vampiric dagger
 j - a +0 dagger of electrocution
Missiles
 c - 15 poisoned needles (quivered)
 x - 135 stones
Armour
 z - a +0 shield (worn)
Jewellery
 q - a ring of sustain attributes (left tentacle)
 t - a ring of wizardry (on tentacle)
 u - a ring of protection from cold (right tentacle)
 y - an uncursed amulet of warding
 E - a cursed amulet of resist mutation (around mantle)
Wands
 m - a wand of lightning (10)
 s - a wand of paralysis (9)
 w - a wand of disintegration (15)
Scrolls
 f - 9 scrolls of remove curse
 h - a scroll of enchant weapon
 k - a scroll of amnesia
 n - a scroll of recharging
 r - a scroll of magic mapping
 D - a scroll of identify
Potions
 d - a potion of resistance
 o - a potion of brilliance
 G - a potion of cure mutation
Books
 v - a book of Frost

   Spells                             Type                      Level
   a - Freeze                         Ice                          1
   b - Throw Frost                    Conjuration/Ice              2
   c - Ozocubu's Armour               Charms/Ice                   3
   d - Throw Icicle                   Conjuration/Ice              4
   e - Summon Ice Beast               Ice/Summoning                4
   f - Condensation Shield            Ice                          4
 H - a book of Clouds

   Spells                             Type                      Level
   a - Mephitic Cloud                 Conjuration/Poison/Air       3
   b - Conjure Flame                  Conjuration/Fire             3
   c - Poisonous Cloud                Conjuration/Poison/Air       6
   d - Freezing Cloud                 Conjuration/Ice/Air          6
   e - Ring of Flames                 Charms/Fire                  7
Comestibles
 e - 6 bread rations
 p - 4 meat rations
 C - 8 slices of pizza


   Skills:
 - Level 8.3 Fighting
 - Level 8.4 Short Blades
 - Level 5.3 Throwing
 - Level 8.7 Dodging
 - Level 11.1 Stealth
 - Level 5.8 Shields
 * Level 1.0 Spellcasting
 * Level 1.4 Conjurations
 * Level 1.6 Poison Magic
 - Level 5.0 Invocations


You had 9 spell levels left.
You knew the following spells:

 Your Spells              Type           Power        Failure   Level  Hunger
a - Mephitic Cloud        Conj/Pois/Air  #.......     82%         3    ####...


Dungeon Overview and Level Annotations

Branches:
Dungeon (12/15)            Temple (1/1) D:4            Lair (0/8) D:11
    Orc (2/4) D:9

Altars:
Ashenzari
Cheibriados
Dithmenos
Elyvilon
Fedhas
Gozag
Kikubaaqudgha
Makhleb
Nemelex Xobeh
Okawaru
Qazlal
Ru
Sif Muna
Trog
Vehumet
Xom
Yredelemnul
Zin
The Shining One

Shops:
D:7 *   D:10 %   D:11 (

Annotations:
D:6 4 runed doors
D:10 Erolcha


Innate Abilities, Weirdness & Mutations

You cannot wear most types of armour.
You are amphibious.
You can wear up to eight rings at the same time.
You can use your tentacles to constrict eight enemies at once.
Your skin changes colour to match your surroundings (Stealth).
Your rubbery body absorbs attacks (AC +1).


Message History

Aim: an orc sorcerer, wielding a dagger and wearing a robe (lightly wounded, poisoned, umbra)
You shoot a poisoned needle. The orc shouts!
The poisoned needle hits the orc sorcerer!
The orc sorcerer is lightly wounded.
The orc sorcerer gestures at you while chanting.
You suddenly lose the ability to move!
An orc comes into view. It is wielding a mace.
An orc comes into view. It is wielding a short sword.
The orc hits you with a morningstar.
The orc sorcerer points at you and mumbles some strange words.
The bolt of fire hits you!
You emit a cloud of dark smoke.
The orc shouts!
The orc priest calls down the wrath of Beogh upon you.
Something smites you!
* * * LOW HITPOINT WARNING * * *
The orc sorcerer hits you with a dagger.
* * * LOW HITPOINT WARNING * * *
The orc hits you with a morningstar!
You die...

#........## ##........###
###....#....#.# ###......#
...... #.....[### .....
##......# #.....
##...[####......
##..§§§#....... ..o #.#
##.§§@§.....# ... ## ..#
#.).§oo....## ...o #.##..#
###)[o(o..## ...o #......
#....(.## ## ...##
#.....#####....o.### #.##....#
......#.#.......(#.###....h..#
#.>..((.(....).(..###....o..
#......((...##..o.....o.....
###....)[[###.........###.#.


You could see an orc sorcerer, an orc priest and 4 orcs.

Vanquished Creatures
  Maud (D:10)
  Erica (D:9)
  Nergalle (D:10)
  3 hill giants
  A two-headed ogre (D:9)
  Grinder (D:4)
  A wraith (D:6)
  A shadow (D:11)
  A human (D:8)
  2 hungry ghosts
  A hippogriff (D:7)
  6 yaks
  A mottled dragon (D:11)
  2 water moccasins (D:11)
  6 orc warriors
  A phantom (D:6)
  An eye of draining (D:6)
  4 ice beasts
  8 ogres
  2 sky beasts
  12 centaurs (D:11)
  4 giant frogs
  An electric eel (D:11)
  9 killer bees
  2 crimson imps
  A giant frog zombie (D:7)
  A quasit (D:8)
  A wasp zombie (D:6)
  4 jellies
  3 hounds
  14 orc priests
  A hell rat (D:11)
  2 giant frog skeletons
  7 worker ants
  2 iguanas
  10 orc wizards
  3 sheep (D:8)
  7 gnolls (D:4)
  2 river rats (D:11)
  14 adders
  6 shadow imps
  An ooze (D:1)
  2 adder skeletons
  2 worms
  4 giant geckos
  60 orcs
  3 ball pythons
  9 giant cockroaches
  10 hobgoblins
  11 jackals
  15 kobolds
  9 quokkas
  11 bats
  5 giant newts
  15 goblins
  A quokka skeleton (D:8)
  4 rats
313 creatures vanquished.

Vanquished Creatures (others)
  A deep elf mage (D:11)
1 creature vanquished.

Grand Total: 314 creatures vanquished

Notes
Turn   | Place    | Note
--------------------------------------------------------------
     0 | D:1      | JerBear56 the Octopode Assassin began the quest for the Orb.
     0 | D:1      | Reached XP level 1. HP: 14/14 MP: 1/1
   103 | D:1      | Reached XP level 2. HP: 10/19 MP: 2/2
   551 | D:1      | Reached XP level 3. HP: 24/24 MP: 3/3
  1061 | D:2      | Found a snail-covered altar of Cheibriados.
  1487 | D:2      | Reached XP level 4. HP: 28/30 MP: 4/4
  1503 | D:2      | Reached skill level 6 in Stealth
  1692 | D:3      | Found a snail-covered altar of Cheibriados.
  2499 | D:4      | Noticed an ogre
  2500 | D:4      | Killed an ogre
  2500 | D:4      | Reached XP level 5. HP: 36/36 MP: 5/5
  2509 | D:4      | Found a glowing golden altar of the Shining One.
  2585 | D:4      | Noticed Grinder
  2590 | D:4      | Killed Grinder
  2590 | D:4      | Reached skill level 7 in Stealth
  2590 | D:4      | Reached XP level 6. HP: 22/42 MP: 6/6
  2913 | D:4      | Found a staircase to the Ecumenical Temple.
  2940 | D:4      | Reached XP level 7. HP: 46/46 MP: 7/7
  2966 | D:4      | Reached skill level 8 in Stealth
  3033 | Temple   | Entered the Ecumenical Temple
  3374 | Temple   | Became a worshipper of Dithmenos the Shadowed
  3413 | D:4      | Noticed an ogre
  3425 | D:4      | Killed an ogre
  3680 | D:4      | Reached * piety under Dithmenos
  3777 | D:4      | Noticed a fire elemental
  3779 | D:4      | Found a stormy altar of Qazlal.
  3780 | D:4      | Noticed a water elemental
  3780 | D:4      | Noticed an earth elemental
  3780 | D:4      | Noticed an air elemental
  3835 | D:4      | Gained mutation: Scrolls take you a little longer to read. [potion of mutation]
  3835 | D:4      | Gained mutation: You occasionally shout uncontrollably at your foes. [potion of mutation]
  3835 | D:4      | Gained mutation: You tend to lose your temper in combat. [potion of mutation]
  3899 | D:5      | Entered Level 5 of the Dungeon
  4124 | D:5      | Reached skill level 5 in Dodging
  4124 | D:5      | Reached skill level 9 in Stealth
  4124 | D:5      | Reached XP level 8. HP: 54/54 MP: 8/8
  4688 | D:6      | Reached skill level 1 in Invocations
  4740 | D:6      | Found a large runed door.
  4740 | D:6      | Found a large runed door.
  5048 | D:6      | Found a large runed door.
  5048 | D:6      | Found a large runed door.
  5420 | D:6      | Reached XP level 9. HP: 42/60 MP: 9/11
  5864 | D:7      | Reached ** piety under Dithmenos
  5880 | D:7      | Reached skill level 5 in Fighting
  5883 | D:7      | Reached skill level 5 in Short Blades
  5883 | D:7      | Reached skill level 10 in Stealth
  6068 | D:7      | Found Gozag's Platinum Reserve.
  6071 | D:7      | Found an opulent altar of Gozag.
  6678 | D:7      | Found a radiant altar of Vehumet.
  7778 | D:8      | Reached XP level 10. HP: 68/68 MP: 13/13
  8677 | D:9      | Noticed Erica
  8679 | D:9      | Killed Erica
  8886 | D:9      | Reached skill level 5 in Throwing
  8969 | D:9      | Reached skill level 11 in Stealth
  9379 | D:9      | Reached *** piety under Dithmenos
  9379 | D:9      | Reached skill level 5 in Invocations
  9615 | D:9      | Found a staircase to the Orcish Mines.
 10037 | D:9      | Found a bloodstained altar of Trog.
 10037 | D:9      | Found a basalt altar of Yredelemnul.
 10038 | D:9      | Found a blossoming altar of Fedhas.
 10075 | D:10     | Entered Level 10 of the Dungeon
 10085 | D:10     | Noticed Maud
 10104 | D:10     | Killed Maud
 10104 | D:10     | Reached XP level 11. HP: 20/75 MP: 10/14
 10105 | D:10     | Found Piosiddonk's Food Emporium.
 10440 | D:10     | Lost mutation: Scrolls take you a little longer to read. [potion of cure mutation]
 10440 | D:10     | Lost mutation: You tend to lose your temper in combat. [potion of cure mutation]
 10440 | D:10     | Lost mutation: You occasionally shout uncontrollably at your foes. [potion of cure mutation]
 10442 | D:10     | Noticed a hill giant
 10794 | D:10     | Noticed Erolcha
 11156 | D:11     | Found a staircase to the Lair.
 11157 | D:11     | Noticed a hill giant
 11187 | D:11     | Noticed a death yak
 11541 | D:12     | Noticed a hill giant
 11587 | D:11     | Killed a hill giant
 11865 | D:11     | Found Ylud's Antique Weapon Emporium.
 12465 | D:11     | Reached skill level 5 in Shields
 12571 | D:11     | Noticed a four-headed hydra
 12653 | D:10     | Killed a hill giant
 12687 | D:10     | Noticed a hill giant
 12717 | D:10     | Killed a hill giant
 12794 | D:10     | Noticed Nergalle
 12943 | D:10     | Noticed a spectral orc warlord
 12951 | D:10     | Killed Nergalle
 13303 | D:9      | Learned a level 3 spell: Mephitic Cloud
 13354 | D:9      | Reached skill level 1 in Poison Magic
 13441 | Orc:1    | Entered Level 1 of the Orcish Mines
 13644 | D:9      | Reached skill level 1 in Conjurations
 13978 | Orc:2    | Found an iron altar of Okawaru.
 14075 | Orc:1    | Reached skill level 1 in Spellcasting
 14326 | Orc:2    | Noticed an orc knight
 14479 | Orc:2    | Paralysed by an orc sorcerer for 7 turns
 14483 | Orc:2    | Slain by an orc

Action                   |  1- 3 |  4- 6 |  7- 9 | 10-12 || total
-------------------------+-------+-------+-------+-------++-------
Melee: Dagger            |    84 |    50 |   229 |   394 ||   757
 Fire: Blowgun           |     1 |    10 |   104 |   153 ||   268
Throw: Stone             |       |       |     6 |    24 ||    30
Invok: Shadow Step       |       |       |     1 |     7 ||     8
Evoke: Wand              |       |       |       |     1 ||     1
  Use: Potion            |     1 |     4 |     4 |     7 ||    16
       Scroll            |     2 |     4 |     8 |     3 ||    17
 Stab: Sleeping          |     7 |    15 |    37 |    23 ||    82
       Distracted        |     1 |       |     2 |     5 ||     8
  Eat: Chunk             |     1 |     5 |    16 |     6 ||    28
       Royal jelly       |       |       |     1 |     1 ||     2
       Pizza             |       |       |     1 |       ||     1
       Beef jerky        |       |       |     1 |     2 ||     3
       Meat ration       |       |       |       |     3 ||     3
       Bread ration      |       |       |       |     1 ||     1
